 Dungeon Sprint DCSS version bcrawl-1.17.3 (webtiles) character file.

Game seed: 13810568974318010851

271 esc the Carver (level 6, -2/44 HPs)
             Began as a Skeleton Reaver on Oct 25, 2019.
             Was a Follower of Vehumet.
             Splashed by a jelly's acid (4 damage)
             ... in the Dungeon (Sprint I: "Red Sonja").
             The game lasted 00:05:16 (638 turns).

esc the Carver (Skeleton Reaver)                     Turns: 638, Time: 00:05:16

Health: -2/44      AC: -4    Str: 18    XL:     6   Next: 2%
Magic:  0/15       EV: 13    Int: 14    God:    Vehumet [*.....]
Gold:   162        SH:  0    Dex:  7    Spells: 18/18 levels left

rFire    . . .     SeeInvis .   f - +2 dagger (venom)
rCold    + + .     Gourm    .   (no shield)
rNeg     + + +     Faith    .   g - +3 ring mail {rC+}
rPois    ∞         Spirit   +   (no helmet)
rElec    .         Reflect  .   (no cloak)
rCorr    .         Harm     .   (no gloves)
MR       .....     NoTele   +   (no boots)
Stlth    +.........             (no amulet)
HPRegen  0.14/turn              (no ring)
MPRegen  0.14/turn              (no ring)

@: corroded, very slightly contaminated
A: no food or potions, cold resistance 1, deterioration 1, negative energy
resistance 3, powered by death 1, torment resistance, unbreathing, magic shield,
sturdy frame 1, spell healing
a: Renounce Religion


You were in the Dungeon.
You worshipped Vehumet.
Vehumet was aware of your devotion.
You were not hungry.

You visited 1 branch You collected 162 gold pieces.

Inventory:

Hand Weapons
 a - a +0 long sword
 f - a +2 dagger of venom (weapon)
Armour
 b - +0 steam dragon scales
 g - a +3 ring mail of cold resistance (worn)
 h - a +0 helmet
Wands
 e - a wand of polymorph (8)
Scrolls
 c - a scroll of immolation


   Skills:
 + Level 7.3 Fighting
 + Level 8.8 Long Blades
 + Level 0.0 Armour
 + Level 7.3 Dodging
 - Level 6.8 Spellcasting


You had 18 spell levels left.
You didn't know any spells.
Your spell library contained the following spells:

 Spells                   Type           Power        Failure   Level  Hunger
 Sandblast                Erth           #.....       19%         1    N/A
 Iskenderun's Battlesphe  Conj/Chrm      #.......     99%         5    N/A

Dungeon Overview and Level Annotations

Branches:
Dungeon (1/1)

Altars:
Sif Muna
Vehumet
Wu Jian


Innate Abilities, Weirdness & Mutations

You do not eat or drink.
You are immune to poison.
Your flesh is cold resistant. (rC+)
Your body sometimes deteriorates upon taking damage.
You are immune to negative energy. (rN+++)
You regenerate a little health from kills.
You are immune to unholy pain and torment.
You can survive without breathing.
When hurt, damage is shared between your health and your magic reserves.
Your movements are slightly less encumbered by armour. (ER -2)
Casting spells heals you.


Message History

a +0 scythe; a +0 robe; the human skeleton of Sigmund
There is an open door here.
You see here a +0 giant club.
There is an open door here.
There is an open door here.
You close the door.
You hear a slurping noise.
The jelly eats the door!
You see here 11 gold pieces.
You hit the jelly but do no damage.
Your hands burn!
* * * LOW HITPOINT WARNING * * *
The jelly closely misses you.
You hit the jelly but do no damage.
The jelly is poisoned.
Your hands burn!
* * * LOW HITPOINT WARNING * * *
There is a radiant altar of Vehumet here.
You hit the jelly but do no damage.
Your hands burn!
* * * LOW HITPOINT WARNING * * *
The jelly closely misses you.
You hit the jelly but do no damage.
Your hands burn!
You die...

################
#<.#.)').#J.J..#
#...).#.....#..+
#..#####'#####.#
#..# #..# #.#
#.J# #### ##$#
#..# #+#_.+ #⌠⌠#
+.J._# ####
#@.#+# ##+#


You could see a jelly.

Vanquished Creatures
  Sigmund (D)
  An ice beast (D)
  Ijyb (D)
3 creatures vanquished.

Vanquished Creatures (others)
  A gargoyle (D)
1 creature vanquished.

Grand Total: 4 creatures vanquished

Notes
Turn   | Place    | Note
-------+----------+-------------------------------------------
     0 | D        | esc the Skeleton Reaver began the quest for the Orb.
     0 | D        | Reached XP level 1. HP: 14/14 MP: 4/4
     1 | D        | Noticed Ijyb
    21 | D        | Killed Ijyb
    21 | D        | Reached skill level 5 in Long Blades
    21 | D        | Reached XP level 2. HP: 17/20 MP: 4/7
    72 | D        | Noticed an ogre
    73 | D        | Noticed an ice beast
    73 | D        | an ogre changed into an ice beast
   101 | D        | Killed an ice beast
   101 | D        | Reached skill level 5 in Fighting
   101 | D        | Reached skill level 6 in Long Blades
   101 | D        | Reached skill level 5 in Dodging
   101 | D        | Reached XP level 3. HP: 8/26 MP: 3/11
   101 | D        | Reached XP level 4. HP: 10/31 MP: 3/12
   310 | D        | Noticed Sigmund
   356 | D        | Killed Sigmund
   356 | D        | Reached * piety under Vehumet
   356 | D        | Offered knowledge of Sandblast by Vehumet.
   356 | D        | Reached skill level 8 in Long Blades
   356 | D        | Reached XP level 5. HP: 11/38 MP: 8/14
   356 | D        | Gained mutation: You regenerate a little health from kills.
                  | [Skeleton growth]
   356 | D        | Reached XP level 6. HP: 13/44 MP: 8/15
   588 | D        | Found an ornate altar of the Wu Jian Council.
   588 | D        | Found a shimmering blue altar of Sif Muna.
   590 | D        | Found a radiant altar of Vehumet.
   615 | D        | Killed a gargoyle
   637 | D        | HP: 2/44 [acid (3)]
   638 | D        | Splashed by a jelly's acid

Skill      XL: |  1  2  3  4 |
---------------+-------------+-----
Fighting       | 4 5 7 |  7.3
Long Blades    | 5 6 8 |  8.8
Dodging        | 4 5 7 |  7.3
Spellcasting   | 4 6 |  6.8

Action                   |  1- 3 |  4- 6 || total
-------------------------+-------+-------++-------
Melee: Long sword        |    18 |       ||    18
       Dagger            |    21 |    19 ||    40
Evoke: Wand              |     1 |       ||     1
  Use: Scroll            |       |     1 ||     1
Armor: Steam dragon scal |     6 |       ||     6
       Ring mail         |       |     1 ||     1
Dodge: Dodged            |    22 |     5 ||    27
